 Dungeon Crawl Stone Soup version 0.22-a0-799-g88f5e90 (webtiles) character file.

1058 melvinkitnick the Cleaver (level 8, -2/64 HPs)
             Began as a Hill Orc Fighter on July 21, 2018.
             Slain by Prince Ribbit (12 damage)
             ... on level 5 of the Dungeon.
             The game lasted 00:08:26 (4495 turns).

melvinkitnick the Cleaver (Hill Orc Fighter)        Turns: 4495, Time: 00:08:27

Health: -2/64      AC: 11    Str: 20    XL:     8   Next: 27%
Magic:  8/8        EV:  7    Int:  8    God:
Gold:   237        SH:  4    Dex: 11    Spells: 7/7 levels left

rFire    . . .     SeeInvis .   a - +0 war axe
rCold    . . .     Gourm    .   o - +0 buckler (curse)
rNeg     . . .     Faith    .   l - +0 chain mail
rPois    .         Spirit   .   (no helmet)
rElec    .         Reflect  .   q - +0 cloak
rCorr    .         Harm     .   (no gloves)
MR       .....                  c - +0 pair of boots
Stlth    ..........             (no amulet)
HPRegen  0.20/turn              (no ring)
MPRegen  0.11/turn              (no ring)

@: no status effects
A: no striking features
a: no special abilities


You were on level 5 of the Dungeon.
You were not hungry.

You visited 1 branch of the dungeon, and saw 5 of its levels.

You collected 237 gold pieces.

Inventory:

Hand Weapons
 a - a +0 war axe (weapon)
Armour
 c - a +0 pair of boots (worn)
 l - a +0 chain mail (worn)
 o - a cursed +0 buckler (worn)
 q - a +0 cloak (worn)
Wands
 b - a wand of digging (20)
Scrolls
 k - 3 scrolls of teleportation
 m - 3 scrolls of remove curse
Potions
 e - a potion of flight
 g - 2 potions of haste
 h - 5 potions of curing {unknown}
 i - a potion of cancellation
 j - 3 potions of ambrosia
 n - a potion of lignification
 p - a potion of berserk rage {unknown}
 r - a potion of agility {unknown}
Comestibles
 f - 13 rations


   Skills:
 - Level 3.6 Fighting
 + Level 12.2 Axes
 - Level 3.2 Armour
 - Level 3.2 Shields


You had 7 spell levels left.
You didn't know any spells.
Your spell library contained the following spells:

 Spells                   Type           Power        Failure   Level  Hunger
 Spider Form              Tmut/Pois      #.........   100%        3    ####...
 Blade Hands              Tmut           #.........   100%        5    ######.
 Ice Form                 Ice/Tmut       #.......     100%        4    #####..
 Sticks to Snakes         Tmut           #.......     100%        2    ###....
 Beastly Appendage        Tmut           #.....       99%         1    ##.....


Dungeon Overview and Level Annotations

Branches:
Dungeon (5/15)
 Temple: D:4-7

Altars:
Ru
Xom
The Shining One

Shops:
D:4 (

Annotations:
D:5 Prince Ribbit


Message History

Press: ? - help, Shift-Dir - straight line, f - Prince Ribbit
Aim: Prince Ribbit (lightly wounded)
You throw a throwing net. The throwing net hits Prince Ribbit.
Prince Ribbit is caught in the net!
Prince Ribbit is lightly wounded.
Prince Ribbit struggles against the net. x2
Prince Ribbit struggles against the net.
Prince Ribbit blinks!
You slash Prince Ribbit!
Prince Ribbit is heavily wounded.
Prince Ribbit hits you!
You hit Prince Ribbit.
Prince Ribbit is severely wounded.
Prince Ribbit hits you!
You miss Prince Ribbit.
Prince Ribbit is heavily wounded.
Prince Ribbit hits you!
* * * LOW HITPOINT WARNING * * *
Prince Ribbit hits you!
You die...

#...#.#........#...
#...#..........#...
#...#.#.....#..#...
#...#.##.##.#..#...
#..............#...
#..............#...
##.##.##.###...##..
#F##..........##..
#@##.##.##.#..##..
#.##.##.##.#..##..
#.............##..
#........#....###.
#....###.........#.
#............###.##
#....#######.#...##
#....# #.###.##
#....# #.# #.##


You could see Prince Ribbit.

Vanquished Creatures
  Grinder (D:5)
  Edmund (D:4)
  A scorpion (D:4)
  A howler monkey (D:4)
  2 crimson imps
  A bullfrog zombie (D:5)
  Crazy Yiuf (D:4)
  A gnoll shaman (D:5)
  3 jellies (D:4)
  An orc priest (D:3)
  An orc wizard (D:3)
  3 worker ants
  A hound skeleton (D:4)
  4 gnolls (D:5)
  4 adders
  A shadow imp (D:5)
  10 oozes (D:4)
  An adder skeleton (D:4)
  3 worms (D:2)
  5 dart slugs
  6 leopard geckos
  4 orcs
  4 bats
  3 giant cockroaches
  5 goblins
  5 hobgoblins
  18 kobolds
  5 quokkas
  A ball python (D:1)
  A ball python skeleton (D:4)
  9 frilled lizards
  A leopard gecko zombie (D:5)
  A quokka skeleton (D:4)
  9 rats
  4 fungi
  A plant (D:3)
123 creatures vanquished.

Vanquished Creatures (others)
  2 fungi (D:4)
  7 toadstools (D:4)
9 creatures vanquished.

Grand Total: 132 creatures vanquished

Notes
Turn   | Place    | Note
-------+----------+-------------------------------------------
     0 | D:1      | melvinkitnick the Hill Orc Fighter began the quest for the Orb.
     0 | D:1      | Reached XP level 1. HP: 19/19 MP: 1/1
    55 | D:1      | Reached skill level 3 in Axes
   195 | D:1      | Reached XP level 2. HP: 25/26 MP: 2/2
   329 | D:1      | Reached skill level 4 in Axes
   660 | D:2      | Reached XP level 3. HP: 19/31 MP: 3/3
   874 | D:2      | Reached skill level 5 in Axes
   899 | D:2      | Found a sacrificial altar of Ru.
  1308 | D:2      | Found a shimmering altar of Xom.
  1368 | D:2      | Reached XP level 4. HP: 35/39 MP: 4/4
  1428 | D:2      | Found a glowing golden altar of the Shining One.
  1652 | D:3      | Reached skill level 6 in Axes
  1716 | D:3      | Reached XP level 5. HP: 44/45 MP: 5/5
  2077 | D:3      | Reached skill level 7 in Axes
  2347 | D:4      | Noticed Edmund
  2365 | D:4      | Killed Edmund
  2365 | D:4      | Reached skill level 8 in Axes
  2365 | D:4      | Reached XP level 6. HP: 37/51 MP: 6/6
  2403 | D:4      | Reached skill level 9 in Axes
  2935 | D:4      | Reached XP level 7. HP: 42/57 MP: 7/7
  2982 | D:4      | Reached skill level 10 in Axes
  3314 | D:4      | Found Anumoq's Weapon Emporium.
  3775 | D:4      | Found a runed door.
  3779 | D:4      | Noticed Crazy Yiuf
  3786 | D:4      | Killed Crazy Yiuf
  3848 | D:5      | Entered Level 5 of the Dungeon
  3995 | D:5      | Noticed Grinder
  3999 | D:5      | Paralysed by Grinder for 6 turns
  4008 | D:5      | Killed Grinder
  4008 | D:5      | Reached skill level 11 in Axes
  4008 | D:5      | Reached XP level 8. HP: 30/64 MP: 8/8
  4379 | D:5      | Reached skill level 12 in Axes
  4477 | D:5      | Noticed Prince Ribbit
  4495 | D:5      | Slain by Prince Ribbit

Vault maps used:
D:1:      dpeg_arrival_court
D:2:      nicolae_tso_swordbearing_angel, nicolae_ru_the_path_less_chosen,
          nicolae_overflow_hidden_temple, kennysheep_generic_room_9
D:3:      serial_bayou, serial_bayou_pond_b, serial_bayou_lake_a,
          serial_bayou_lagoon_a, serial_bayou_pond_d
D:4:      cheibrodos_fertilizer, serial_co_window_serial, co_window_paths_a,
          co_window_corner_a, co_window_corner_a, co_window_corner_a,
          co_window_corner_a, co_window_broadway_c, co_window_unsneaky_path_e,
          co_window_broadway_c, co_window_unsneaky_path_c, co_window_paths_c,
          co_window_paths_c, co_window_paths_c, glass_columns_a, serial_shops,
          nicolae_shop_behind_doors, first_ration, uniq_edmund,
          uniq_crazy_yiuf_cottage
D:5:      kennysheep_spiral_hall, lemuel_coloured_pillars_altar, basic_altar,
          uniq_sigmund, uniq_prince_ribbit1, uniq_grinder

Skill      XL: |  1  2  3  4  5  6  7  8 |
---------------+-------------------------+-----
Axes           | 3 4 5 6 8 9 11 12 | 12.2
Fighting       | |  3.6
Armour         | |  3.2
Shields        | |  3.2

Action                   |  1- 3 |  4- 6 |  7- 9 || total
-------------------------+-------+-------+-------++-------
Melee: War axe           |   109 |   187 |   137 ||   433
Throw: Throwing net      |       |       |     1 ||     1
  Use: Scroll            |     2 |     4 |     5 ||    11
       Potion            |       |       |     1 ||     1
  Eat: Chunk             |     2 |     5 |     5 ||    12
Armor: Scale mail        |    40 |       |       ||    40
       Chain mail        |     3 |    88 |    61 ||   152
Dodge: Dodged            |    56 |    60 |    35 ||   151
Block: Buckler           |       |       |    11 ||    11

Table legend:
 A = Spawn XP
 B = Non-spawn XP
 C = Spawn XP percentage of total XP
 D = Spawn monster count
 E = Non-spawn monster count
 F = Spawn count percentage of total count
 G = Total turns spent on level
                    A         B        C        D         E        F      G
               +---------+---------+-------+---------+---------+-------+---------
         Total |       0 |    1512 |   0.0 |       0 |     118 |   0.0 |  4495
               +---------+---------+-------+---------+---------+-------+---------
           D:1 |       0 |      27 |   0.0 |       0 |      19 |   0.0 |   648
           D:2 |       0 |      79 |   0.0 |       0 |      29 |   0.0 |   974
           D:3 |       0 |     148 |   0.0 |       0 |      14 |   0.0 |   718
           D:4 |       0 |     705 |   0.0 |       0 |      42 |   0.0 |  1508
           D:5 |       0 |     553 |   0.0 |       0 |      14 |   0.0 |   647
               +---------+---------+-------+---------+---------+-------+---------
